 Dungeon Crawl Stone Soup version 0.19.1-1-g22dce08 (webtiles) character file.

469 M4edhros the Chopper (level 6, 0/56 HPs)
             Began as a Minotaur Berserker on Jan 4, 2017.
             Was a Priest of Trog.
             Slain by an orc warrior
             ... wielding a +0 short sword
              (16 damage)
             ... on level 6 of the Dungeon.
             The game lasted 00:02:45 (883 turns).

M4edhros the Chopper (Minotaur Berserker)            Turns: 883, Time: 00:02:45

Health: 0/56       AC:  7    Str: 22    XL:     6   Next: 82%
Magic:  5/5        EV: 11    Int:  4    God:    Trog [***...]
Gold:   80         SH:  0    Dex: 11    Spells: 0 memorised, 5 levels left

rFire  . . .     SeeInvis .     a - +0 hand axe
rCold  . . .     Gourm    .     g - +0 scale mail
rNeg   . . .     Faith    .     (no shield)
rPois  .         Spirit   .     (helmet restricted)
rElec  .         Reflect  .     (no cloak)
rCorr  .         Harm     .     (no gloves)
MR     .....                    (no boots)
Stlth  ..........               (no amulet)
                                (no ring)
                                f - ring of wizardry

@: exhausted, slowed, very slow
A: retaliatory headbutt, horns 2
a: Berserk, Trog's Hand, Burn Spellbooks, Renounce Religion


You were on level 6 of the Dungeon.
You worshipped Trog.
Trog was most pleased with you.
You were hungry.

You visited 1 branch of the dungeon, and saw 6 of its levels.
You also visited: Ossuary.

You collected 80 gold pieces.

Inventory:

Hand Weapons
 a - a +0 hand axe (weapon)
Armour
 b - a +0 animal skin
 d - a +0 animal skin
 g - a +0 scale mail (worn)
Jewellery
 f - a ring of wizardry (left hand)
Scrolls
 e - 2 scrolls of teleportation {unknown}
 j - a scroll of enchant weapon {unknown}
 k - 2 scrolls of blinking {unknown}
 t - a scroll of identify {unknown}
Potions
 l - a potion of might {unknown}
 m - 3 potions of degeneration {unknown}
 n - a potion of haste {unknown}
 o - 3 potions of invisibility {unknown}
 p - 2 potions of brilliance {unknown}
 q - 2 potions of curing {unknown}
 r - a potion of flight {unknown}
 s - 2 potions of lignification {unknown}
Comestibles
 c - 2 bread rations
 i - 2 meat rations


   Skills:
 + Level 5.2 Fighting
 * Level 6.2 Axes
 + Level 4.7 Armour
 + Level 4.1 Dodging


You had 5 spell levels left.
You didn't know any spells.

Dungeon Overview and Level Annotations

Branches:
Dungeon (6/15)
 Temple: D:4-7

Altars:


Innate Abilities, Weirdness & Mutations

You reflexively headbutt those who attack you in melee.
You have a pair of horns on your head.


Message History

An orc wizard comes into view. It is wielding a dagger.
The orc wizard shouts!
The orc wizard gestures wildly while chanting.
The orc wizard blinks!
An orc comes into view. It is wielding a war axe.
The orc shouts!
The orc moves out of view.
The orc barely misses you.
An orc comes into view.
It is wielding an enchanted short sword.
Okay, then.
As you read the scroll labeled ONEOFF PYPACE, it crumbles to dust.
It is a scroll of amnesia.
You feel forgetful for a moment.
The orc shouts!
The orc closely misses you. You furiously retaliate!
You headbutt the orc.
Okay, then.
You aren't carrying any items that you can evoke.
Your scale mail prevents you from hitting the orc warrior.
You closely miss the orc.
The orc warrior hits you with a short sword!
You die...

.....# .....# .# .....#
... .....# ..
....############## .#
##'###...##.)..#.##.#
.....#....#.........#
.....#....')..#.....+
.....#...(#...##@o..#
....##...##...##.o..##..
....##...##..(........oo.
##'###...##...##.....o...
....##...#############...
..............# ..
..............# .
..............+
#'####...####.#


You could see an orc warrior, an orc wizard and 3 orcs.

Vanquished Creatures
  A centaur (D:6)
  A water moccasin skeleton (D:6)
  A crimson imp (D:5)
  A hound (D:5)
  A human zombie (Ossuary)
  2 worker ants
  A big kobold zombie (Ossuary)
  Robin (D:2)
  2 mummies (Ossuary)
  7 adders
  3 adder zombies (Ossuary)
  An adder skeleton (D:4)
  A leopard gecko (D:2)
  An orc (D:3)
  A giant cockroach (D:4)
  8 goblins
  3 hobgoblins (D:2)
  4 jackals (D:5)
  A kobold (D:3)
  2 quokkas
  7 ball pythons (D:3)
  5 bats
  2 goblin zombies (Ossuary)
  7 hobgoblin zombies (Ossuary)
  2 jackal zombies (Ossuary)
  5 kobold zombies (Ossuary)
  14 orc zombies (Ossuary)
  A quokka skeleton (D:4)
  2 rats
  A rat zombie (Ossuary)
89 creatures vanquished.

Notes
Turn   | Place    | Note
-------+----------+-------------------------------------------
     0 | D:1      | M4edhros the Minotaur Berserker began the quest for the Orb.
     0 | D:1      | Reached XP level 1. HP: 19/19 MP: 0/0
    21 | D:2      | Noticed Robin
    24 | D:2      | Reached XP level 2. HP: 27/27 MP: 1/1
    27 | D:2      | Reached skill level 4 in Axes
    31 | D:2      | Killed Robin
    61 | D:2      | Reached XP level 3. HP: 23/33 MP: 2/2
   214 | D:3      | Reached ** piety under Trog
   243 | D:3      | Reached XP level 4. HP: 34/40 MP: 3/3
   408 | D:4      | Found a sand-covered staircase.
   424 | Ossuary  | Entered an ossuary
   481 | Ossuary  | Reached *** piety under Trog
   488 | Ossuary  | Reached XP level 5. HP: 47/47 MP: 4/4
   498 | Ossuary  | Reached skill level 5 in Axes
   613 | D:5      | Entered Level 5 of the Dungeon
   683 | D:5      | Reached XP level 6. HP: 47/55 MP: 5/5
   787 | D:6      | Reached skill level 5 in Fighting
   797 | D:6      | Reached skill level 6 in Axes
   879 | D:6      | Noticed an orc warrior
   883 | D:6      | Slain by an orc warrior

Skill      XL: |  1  2  3  4  5  6 |
---------------+-------------------+-----
Axes           | 4 5 6 |  6.2
Fighting       | 4 5 |  5.2
Armour         | 3 4 |  4.7
Dodging        | 3 4 |  4.1

Action                   |  1- 3 |  4- 6 || total
-------------------------+-------+-------++-------
Melee: Hand axe          |    33 |   121 ||   154
       Headbutt          |     5 |    26 ||    31
Invok: Berserk           |     1 |     2 ||     3
  Use: Scroll            |       |     1 ||     1
  Eat: Chunk             |       |     2 ||     2
Armor: Animal skin       |     6 |       ||     6
       Scale mail        |    12 |    50 ||    62
Dodge: Dodged            |    34 |    72 ||   106
